Justin14p, lawful male human Knight ----- ----- -------- |...| ######## ---------- ######....| |`...)<.#####|.%..#######------- |........-# # |...| |......| #|^..| #-.....| |........|### |...| |......-#####-...| #|......# #..........# ---|- --.----- ##----- #|.....|# #----------# # ### ##`#############|>....|# ## # ### # # |.....|# # # # ### # -------# # % # # # # # # # ## # # # # # # # # # # # ## # ### # q--------------.- #-----------# @|..............| #-.........|# u|..............| |.........|# #...............| |..........# |..............| ----------- ---------------- Justin14p the Esquire Experience level: 3 Strength: 13 Dexterity: 9 Constitution: 13 Intelligence: 8 Wisdom: 14 Charisma: 18 Health: 0(30) Energy: 15(15) Def: 7 Gold: 637 Moves: 2149 Dungeon seed: lSSw5hOjPTDx-xbt Game ID: Justin14p_1525555984 Your Inventory: Coins $ - 637 gold pieces Weapons a - a +1 long sword (weapon in hand) Armor e - a blessed +1 ring mail (being worn) n - an uncursed +0 helmet (being worn) q - an uncursed +0 small shield (being worn) r - an uncursed +0 pair of leather gloves (being worn) Comestibles c - 11 uncursed apples d - 11 uncursed carrots s - 2 uncursed pancakes t - an uncursed cream pie Spellbooks p - an uncursed spellbook of detect food Potions i - an uncursed potion of blindness l - a blessed potion of booze m - an uncursed potion of oil o - a cursed potion of levitation Gems y - an uncursed opal Spells and supernatural/magical abilities: Name Level Category Fail Memory W - pray for help -- divine ? -- X - turn undead -- divine ? -- Y - supernatural jump -- ability ? -- Your skills at the end: Fighting Skills riding [Basic] Weapon Skills long sword [Basic] lance [Basic] Spellcasting Skills Final Attributes: You were piously aligned. You could jump. You are dead. Vanquished creatures: a rothe a centipede 2 orc zombies an iguana a yellow mold a gecko 5 jackals a kobold a goblin 7 grid bugs 6 lichens 8 newts 35 creatures vanquished. Voluntary challenges: You followed a strict vegan diet. You were an atheist. You used a wielded weapon 28 times, starting on turn 3. You were illiterate. You never genocided any monsters. You never polymorphed an object. You never changed form. You used no wishes. You never split a pudding. You never wrote Elbereth's name. You never violated your personal moral code. Dungeon overview: The Dungeons of Doom: levels 1 to 5 Level 1 a sink a long staircase Level 2 a general store, a fountain Level 3 Level 4 a fountain a long staircase Level 5 <- You were here History has recorded: On T:1 you entered the Dungeons of Doom to retrieve the Amulet of Yendor! On T:680 you reached level 2 of The Dungeons of Doom. On T:1184 you reached level 3 of The Dungeons of Doom. On T:1399 you reached level 4 of The Dungeons of Doom. On T:1481 you advanced to experience level 2. On T:1630 you advanced to experience level 3. On T:1738 you reached level 5 of The Dungeons of Doom. Score breakdown: Gold: 637 ( 9541 points) Experience: 3 levels ( 7878 points) Exploration: 5 levels ( 10.00%) ( 8571 points) Discoveries: 1 item ( 0.41%) ( 1912 points) Valuables value: (no points given unless you survive) Artifact value: 0 ( 0 points) Variety of kills: 12 monsters ( 3.15%) ( 5324 points) Turncount: 2149 turns ( -107 points) Survival: died (score multiplied by 80%) Total score: 26495 Latest messages: The rothe hits! The rothe bites! (2x) You displace your saddled pony. The newt bites! You miss the newt. You hit the newt. The newt misses. You kill the newt! You see here a newt corpse. You stop. Your saddled pony is in the way! The rothe hits! The rothe bites! The rothe misses. You hit the rothe! The rothe hits! The rothe bites! The rothe misses. You kill the rothe! You miss the rothe. The rothe hits! The rothe bites! You die... Final status: Fare thee well Justin14p the Knight, killed by a rothe... You died in The Dungeons of Doom on dungeon level 5 with 26495 points, and 637 pieces of gold, after 2149 moves. You were level 3 with a maximum of 30 hit points when you died.